 Dungeon Crawl Stone Soup version 0.30.0-29-ga12c61a403 (webtiles) character file.

Game seed: 8601268791892848992

1671 qw the Protected (level 9, -4/52 HPs)
             Began as a Gargoyle Fighter on June 4, 2023.
             Slain by an ogre
             ... wielding a +0 giant spiked club
              (18 damage)
             ... on level 5 of the Dungeon.
             The game lasted 00:02:14 (3942 turns).

qw the Protected (Gargoyle Fighter)                 Turns: 3942, Time: 00:02:14

Health: -4/52      AC: 27    Str: 24    XL:     9   Next: 1%
Magic:  0/9        EV:  7    Int:  9    God:
Gold:   228        SH:  4    Dex:  9    Spells: 8/8 levels left

rFire   . . .        Y - +1 war axe (elec)
rCold   . . .        c - +0 buckler
rNeg    + + .        p - +0 plate armour
rPois   inf          (no helmet)
rElec   +            l - +2 cloak
rCorr   .            (no gloves)
SInv    .            o - +0 pair of boots
Will    .....        j - amulet of guardian spirit Stlth
                     n - ring of positive energy
HPRegen 0.28/turn    (no ring)
MPRegen 0.11/turn

%: guardian spirit
@: about to teleport
A: sickness immunity, AC +6, negative energy resistance 1, electricity
resistance, torment resistance 1, petrification resistance
a: no special abilities


You were on level 5 of the Dungeon.
You visited 1 branch of the dungeon, and saw 5 of its levels.

You collected 228 gold pieces.


Innate Abilities, Weirdness & Mutations

You are immune to sickness and miasma.
Your stone body is resilient. (AC +6)
You are immune to poison.
You resist negative energy. (rN+)
You are resistant to electric shocks. (rElec)
You are resistant to unholy torment.
You are immune to petrification.


   Skills:
 - Level 4.6 Fighting
 + Level 6.9 Axes
 - Level 1.8 Throwing
 - Level 13.8 Armour
 - Level 1.2 Dodging
 - Level 3.2 Shields


You had 8 spell levels left.
You didn't know any spells.
Your spell library was empty.

Inventory:

Hand Weapons
 q - a +4 flail of protection
 Y - a +1 war axe of electrocution (weapon)
Missiles
 r - 2 javelins (quivered)
Armour
 c - a +0 buckler (worn)
 l - a +2 cloak (worn)
 o - a +0 pair of boots (worn)
 p - a +0 plate armour (worn)
Jewellery
 j - an amulet of guardian spirit (around neck)
 n - a ring of positive energy (left hand)
Scrolls
 a - 2 scrolls of identify
Potions
 b - a potion of attraction {unknown}
 d - a potion of might
 f - a potion of resistance
 k - a potion of curing
 t - a potion of degeneration {unknown}

Dungeon Overview and Level Annotations

Branches:
Dungeon (5/15)
 Temple: D:4-7

Altars:
Elyvilon
Gozag
Kikubaaqudgha
Trog
Uskayaw
Vehumet

Annotations:
D:5 Prince Ribbit


Message History

The ogre hits you with a +0 giant spiked club!
The orc wizard barely misses you. The adder closely misses you.
You barely miss the adder.
The adder is heavily wounded.
You slash the orc!
You kill the orc!
You closely miss the orc wizard. You hit the ogre.
The adder bites you but does no damage.
The gnoll hits you but does no damage. x2
You block the orc wizard's attack. The gnoll barely misses you.
You block the ogre's attack. Prince Ribbit hits you!
You closely miss the adder.
The adder is heavily wounded.
You closely miss the orc wizard. You barely miss Prince Ribbit.
You hit the ogre but do no damage.
The hound pauses to sniff the ground.
The adder bites you but does no damage. The gnoll barely misses you.
You block the gnoll's attack. The orc wizard closely misses you.
The gnoll closely misses you.
Prince Ribbit hits you but does no damage.
The adder bites you but does no damage.
You closely miss the adder.
The adder is heavily wounded.
You miss the orc wizard. You closely miss Prince Ribbit. You slash the ogre!
Prince Ribbit hits you but does no damage.
The orc wizard hits you but does no damage.
The ogre hits you with a +0 giant spiked club.
You block the gnoll's attack. The gnoll hits you but does no damage.
An orc comes into view. It is wielding a +0 dagger.
The gnoll hits you but does no damage. The adder bites you but does no damage.
Prince Ribbit hits you but does no damage.
3942 ||| READING scroll of teleportation.
As you read the scroll of teleportation, it crumbles to dust.
You feel strangely unstable. The adder barely misses you.
The gnoll hits you but does no damage. x2
The orc wizard casts a spell.
The orc wizard flickers and vanishes!
Deactivating autopickup; reactivate with Ctrl-A.
The gnoll barely misses you. Prince Ribbit closely misses you.
The ogre hits you with a +0 giant spiked club!!
You die...

. ##. ## #.##.## ##(
##.#.#.#.#.# #####
.gW#..#.(# ...#
##hg.#..(# ...
#{S#g...#.. #.#
#.@.#.....#.
#####.#####FO)g.#.....
#..........#......o#
##.###.#####...$.......
... #.# ##.#...#.###
###.##.# #.#.#.# ..
##......# #.#...# ##
##.......## .......
....~~~...# .......#


You could see Prince Ribbit, an ogre, a phantom, a hound, 4 gnolls, an adder and
an orc.

Vanquished Creatures
  Edmund (D:4)
  A water moccasin (D:5)
  A black bear (D:4)
  A centaur (D:5)
  An ogre (D:5)
  A phantom (D:5)
  A kobold brigand (D:4)
  A scorpion (D:4)
  2 orc priests (D:4)
  A hound (D:5)
  A jelly (D:5)
  An iguana (D:3)
  A sleepcap (D:4)
  An orc wizard (D:4)
  A statue (D:4)
  3 gnolls (D:5)
  5 adders
  A white imp (D:5)
  3 dart slugs
  9 orcs
  3 ball pythons
  6 bats
  3 endoplasms
  7 giant cockroaches
  3 goblins (D:3)
  4 hobgoblins
  27 kobolds
  6 rats
96 creatures vanquished.

Notes
Turn   | Place    | Note
-------+----------+-------------------------------------------
     0 | D:1      | qw the Gargoyle Fighter began the quest for the Orb.
     0 | D:1      | Reached XP level 1. HP: 14/14 MP: 1/1
     0 | D:1      | 0 ||| qw: Version: 0.2-a-107-g4668610
     0 | D:1      | 0 ||| qw: Game counter: 1181
     0 | D:1      | 0 ||| qw: Always use a shield: true
     0 | D:1      | 0 ||| qw: God list: Okawaru
     0 | D:1      | 0 ||| qw: Allow faded altars: false
     0 | D:1      | 0 ||| qw: Do Orc after D:15 true
     0 | D:1      | 0 ||| qw: Do second Lair branch before Depths: true
     0 | D:1      | 0 ||| qw: Lair rune preference: random
     0 | D:1      | 0 ||| qw: Plans: Normal, Zot:1-4, Slime:5, God:TSO, Crypt,
                  | Tomb, Abyss, Pan, Hells, Win
     0 | D:1      | 0 ||| PLANNING D:1-11
    37 | D:1      | 37 ||| Stepping ~*~*~tactically~*~*~ (stealth).
    86 | D:1      | Reached XP level 2. HP: 16/19 MP: 2/2
   629 | D:1      | 629 ||| READING scroll labelled ILI ALAKUXEO.
   630 | D:1      | 630 ||| READING scroll labelled ONATIAPTINT.
   631 | D:1      | 631 ||| READING scroll labelled WEEGOM TEIHIE.
   656 | D:1      | Reached skill level 3 in Axes
   781 | D:1      | Reached XP level 3. HP: 23/23 MP: 3/3
   932 | D:1      | 932 ||| READING scroll labelled GOSUNT GASHRAHUANT.
   937 | D:1      | 937 ||| READING scroll labelled OCWUERCH FAMES.
   938 | D:1      | 938 ||| DRINKING 2 ruby potions.
  1711 | D:2      | 1711 ||| READING scroll labelled FORIUBOAKI.
  1712 | D:2      | 1712 ||| READING 3 scrolls of identify.
  1712 | D:2      | 1712 ||| IDENTIFYING fizzy coppery potion
  1856 | D:3      | Reached XP level 4. HP: 28/28 MP: 4/4
  1856 | D:3      | Found a bloodstained altar of Trog.
  1874 | D:3      | Found an ancient bone altar of Kikubaaqudgha.
  2425 | D:3      | 2425 ||| UPGRADING to +2 cloak.
  2430 | D:3      | 2430 ||| UPGRADING to amulet of guardian spirit.
  2435 | D:3      | 2435 ||| UPGRADING to ring of positive energy.
  2436 | D:3      | 2436 ||| READING 2 scrolls labelled ELINLE UMIATUT.
  2437 | D:3      | 2437 ||| READING scroll labelled UREICY BULIYGU.
  2438 | D:3      | 2438 ||| DRINKING 2 green potions.
  2439 | D:3      | 2439 ||| DROPPING scroll of fog.
  2464 | D:4      | 2464 ||| STAIRDANCE
  2535 | D:4      | Reached XP level 5. HP: 32/32 MP: 5/5
  2538 | D:4      | Noticed Edmund
  2553 | D:4      | HP: 7/32 [Edmund/+4 flail of protection (7)]
  2554 | D:4      | 2554 ||| READING scroll of teleportation.
  2554 | D:4      | HP: 2/32 [Edmund/+4 flail of protection (5)]
  2555 | D:4      | 2555 ||| DRINKING potion of heal wounds.
  2666 | D:4      | Noticed a black bear
  2674 | D:4      | Killed a black bear
  2675 | D:4      | Reached XP level 6. HP: 35/37 MP: 6/6
  2765 | D:4      | Killed Edmund
  2836 | D:4      | 2836 ||| DROPPING +0 whip.
  2847 | D:4      | Found a radiant altar of Vehumet.
  2939 | D:4      | 2939 ||| Stepping ~*~*~tactically~*~*~ (hiding).
  2948 | D:4      | Reached skill level 1 in Dodging
  2951 | D:4      | Reached XP level 7. HP: 39/44 MP: 5/7
  2997 | D:4      | Reached skill level 6 in Axes
  3064 | D:4      | Found a hide-covered altar of Uskayaw.
  3079 | D:4      | 3079 ||| Stepping ~*~*~tactically~*~*~ (stealth).
  3344 | D:4      | 3344 ||| Stepping ~*~*~tactically~*~*~ (stealth).
  3346 | D:4      | 3346 ||| Stepping ~*~*~tactically~*~*~ (hiding).
  3369 | D:4      | Reached skill level 1 in Throwing
  3619 | D:4      | 3619 ||| UPGRADING to +0 pair of boots.
  3624 | D:4      | 3624 ||| UPGRADING to +0 plate armour.
  3634 | D:4      | 3634 ||| DROPPING +0 scale mail.
  3635 | D:4      | 3635 ||| READING scroll labelled ALA FUN TYUMEM.
  3636 | D:4      | 3636 ||| READING scroll labelled BAUKIMORPHAMIF.
  3637 | D:4      | 3637 ||| READING scroll labelled OROSUI CEIT.
  3638 | D:4      | 3638 ||| READING scroll labelled ZOOZXUIDAZ.
  3639 | D:4      | 3639 ||| READING 2 scrolls of identify.
  3639 | D:4      | 3639 ||| IDENTIFYING silvery potion
  3640 | D:4      | 3640 ||| DRINKING potion of experience.
  3640 | D:4      | Reached skill level 13 in Armour
  3640 | D:4      | Reached XP level 8. HP: 48/48 MP: 8/8
  3685 | D:5      | Entered Level 5 of the Dungeon
  3707 | D:5      | Found an opulent altar of Gozag.
  3853 | D:5      | Found a white marble altar of Elyvilon.
  3914 | D:5      | 3914 ||| FLEEEEING.
  3915 | D:5      | 3915 ||| FLEEEEING.
  3921 | D:5      | Noticed Prince Ribbit
  3933 | D:5      | Reached XP level 9. HP: 45/52 MP: 7/9
  3941 | D:5      | HP: 13/52 [ogre/+0 giant spiked club (4)]
  3942 | D:5      | 3942 ||| READING scroll of teleportation.
  3942 | D:5      | Slain by an ogre

Levels and vault maps discovered:
D:1:      saegor_arrival_simple_d, layout_loops_corners, serial_glass,
          glass_columns_a, glass_columns_b, glass_columns_b, glass_columns_b,
          glass_columns_a, glass_columns_b, item_on_display_a, feat_on_display,
          due_unseen_surprise, minmay_indecisive_spiral
D:2:      layout_basic, serial_bayou_lake_a
D:3:      layout_basic, mainiacjoe_overflow_catch_the_wave
D:4:      kennysheep_kobold_camp, layout_gridville,
          nicolae_uskayaw_murder_on_the_dancefloor, vehumet_statue, uniq_edmund
D:5:      layout_loops_ring, elyvilon_altar_3, fedhas_altar_3,
          grunt_gozag_statues, minmay_increasing_density, uniq_prince_ribbit1

Skill      XL: |  1  2  3  4  5  6  7 |
---------------+----------------------+-----
Axes           | 2 3 4 5 6 |  6.9
Fighting       | 4 |  4.6
Dodging        | 1 |  1.2
Throwing       | 1 |  1.8
Armour         | 13 | 13.8
Shields        | |  3.2

Action                     |  1- 3 |  4- 6 |  7- 9 || total
---------------------------+-------+-------+-------++-------
  Melee: War axe           |   120 |   143 |   110 ||   373
  Throw: Javelin           |       |       |    12 ||    12
    Use: Scroll            |     7 |     3 |     6 ||    16
         Potion            |     1 |     2 |     1 ||     4
 Armour: Scale mail        |    86 |    55 |    39 ||   180
         Plate armour      |       |       |    95 ||    95
  Dodge: Dodged            |    56 |    36 |    87 ||   179
  Block: Buckler           |    28 |    14 |    33 ||    75

Table legend:
 A = Non-vault XP
 B = Vault XP
 C = Vault XP percentage of total XP
 D = Non-vault monster count
 E = Vault monster count
 F = Vault count percentage of total count
                 A         B        C        D         E       F
            +---------+---------+-------+---------+---------+-------
      Total |    1049 |     483 |  31.5 |      66 |      30 |  31.2
            +---------+---------+-------+---------+---------+-------
        D:1 |      30 |       5 |  14.3 |      19 |       4 |  17.4
        D:2 |      45 |       0 |   0.0 |       6 |       0 |   0.0
        D:3 |      84 |       0 |   0.0 |      12 |       0 |   0.0
        D:4 |     411 |     321 |  43.9 |      21 |      23 |  52.3
        D:5 |     479 |     157 |  24.7 |       8 |       3 |  27.3
            +---------+---------+-------+---------+---------+-------
